cohdb
Replays
Latest Replays
All Replays
Popular Replays
Top Player Replays
Match Explorer
How It Works
Community
CoH3 Stats
Reddit
Sign in to upload your games and track your stats! →
Sign in with Steam
Match 41604998
Unlisted
Match 41604998
Overview
Messages
Build Orders
End
Construct Barracks
Riflemen Squad
Riflemen Squad
1⁄4-ton 4x4 Truck
Grenade Package
Construct Medical Station
Construct Weapon Support Center
Engineer Squad
Mechanized Support Center
Selects Heavy Weapons
Selects M2HB .50cal Heavy Machine Gun
M1919 Machine Gun Team
Designate Forward Repair Station
Selects Gallant Stand
Construct Motor Pool
Mortar Pit
.30 cal Machine Gun
M24 Chaffee Light Tank
Engineer Squad
M1918 Browning Automatic Rifles
M24 Chaffee Light Tank
M1 Anti-tank Gun Team
M24 Chaffee Light Tank
Selects Black Dragon Artillery Barrage
Black Dragon Artillery Barrage
mausefale
ItsBrettos
vonAJ
Врач доктор
Veneno00
Russian Patriot
LADOGA PATRIOT
white power
0
0
Comments
sign in to comment!
No comments posted yet!